[Event "Team 45 45 League T55"]
[Site "Internet Chess Club"]
[Date "2012.12.04"]
[Round "3"]
[White "BrerRabbit"]
[Black "whiskeytown"]
[Result "1/2-1/2"]
[WhiteElo "1475"]
[BlackElo "1561"]
[Opening "King's Indian: London system"]
[ECO "A48"]
[Time "10:54:02"]
[TimeControl "2700+45"]

1. d4 Nf6 2. Nf3 g6 3. Bf4 Bg7 4. e3 d6 5. h3 c5 6. c3 Nbd7 7. Nbd2 O-O 8. Be2
b6 9. Bh2 Bb7 10. O-O Rc8 11. Bd3 cxd4 12. exd4 a6 13. Re1 Re8 14. Qb3 b5 15. a4
Bd5 16. Qa3 Bc4 17. Nxc4 bxc4 18. Bc2 Qa5 19. Bf4 Nd5 20. Bd2 Qc7 21. a5 e5 22.
dxe5 Nxe5 23. Nd4 Nc6 24. Rxe8+ Rxe8 25. Ba4 Nxd4 26. Bxe8 Nc2 27. Qa2 Nxa1 28.
Qxa1 Kf8 29. Ba4 Qxa5 30. Qa3 Ke7 31. Bc6 Qxa3 32. bxa3 Nxc3 33. Bxc3 Bxc3 34.
Bd5 Bb2 35. Bxc4 Bxa3 36. Bxa6 h5 {Game drawn by mutual agreement} 1/2-1/2

[Event "Team 45 45 League T55"]
[Site "Internet Chess Club"]
[Date "2012.12.02"]
[Round "3"]
[White "QuimCatala"]
[Black "MeansToAnEnd"]
[Result "0-1"]
[WhiteElo "1360"]
[BlackElo "1474"]
[Opening "Caro-Kann: advance variation"]
[ECO "B12"]
[Time "14:07:50"]
[TimeControl "2700+45"]

1. e4 c6 2. d4 d5 3. e5 Bf5 4. c4 e6 5. a3 a5 6. Nc3 Ne7 7. Bg5 Nd7 8. cxd5 cxd5
9. Bb5 Qc7 10. Rc1 Nc6 11. Nf3 Be7 12. Bxc6 bxc6 13. Bxe7 Kxe7 14. Nb5 Qb6 15.
Nc3 Qxb2 16. a4 Rhc8 17. O-O h6 18. Nh4 Bh7 19. Qg4 Kf8 20. f4 Bd3 21. Rfe1 Nb6
22. f5 exf5 23. Nxf5 Bxf5 24. Qxf5 Qb4 25. e6 Qxd4+ 26. Kh1 Qf6 27. e7+ Ke8 28.
Qb1 Nc4 29. Rf1 Qg6 30. Qxg6 fxg6 31. Rce1 Kd7 32. Rf7 Re8 33. Rxg7 g5 34. g4
Rab8 35. Rf7 Nd6 36. Rh7 Rb3 37. Nd1 Rb4 38. Nf2 Rxa4 39. Rxh6 Rf4 40. Re2 Rxe7
41. Rxe7+ Kxe7 42. Kg2 a4 43. Rh8 Ne4 44. Nxe4 Rxe4 45. Kf3 Rc4 46. Ke3 Rxg4 47.
Rh7+ Kd6 48. Kd3 a3 49. Ra7 Rh4 50. Ra8 Rxh2 51. Kc3 g4 52. Kb3 Rh3+ 53. Ka2 Rf3
54. Rg8 g3 55. Rg6+ Kc5 56. Rg4 d4 57. Rg5+ Kc4 58. Rg4 c5 59. Rg6 Rf2+ 60. Kxa3
g2 61. Rg3 d3 62. Rg4+ Kc3 63. Rg5 c4 64. Rg3 Rf8 65. Ka2 Ra8+ 66. Kb1 Rb8+ 67.
Kc1 Rb2 68. Rg4 d2+ 69. Kd1 g1=Q+ 70. Rxg1 Rb1+ 71. Ke2 Rxg1 {White resigns} 0-1

[Event "Team 45 45 League T55"]
[Site "Internet Chess Club"]
[Date "2012.12.02"]
[Round "3"]
[White "sere"]
[Black "tamky70"]
[Result "0-1"]
[WhiteElo "1309"]
[BlackElo "1400"]
[Opening "Ruy Lopez: exchange variation, 5.O-O"]
[ECO "C68"]
[Time "15:31:00"]
[TimeControl "2700+45"]

1. e4 e5 2. Nf3 Nc6 3. Bb5 a6 4. Bxc6 dxc6 5. O-O Bd6 6. Nc3 Be6 7. d4 exd4 8.
Qxd4 f6 9. Be3 Ne7 10. Rad1 Ng6 11. Rd2 c5 12. Qd3 Ne5 13. Nxe5 Bxe5 14. Qxd8+
Rxd8 15. Rxd8+ Kxd8 16. Rd1+ Kc8 17. Bxc5 Bxc3 18. bxc3 Bxa2 19. Kf1 Bc4+ 20.
Ke1 Rd8 21. Rxd8+ Kxd8 22. Kd2 Kd7 23. Ke3 b5 24. f4 a5 25. e5 fxe5 26. fxe5 Ke6
27. Ke4 Bd5+ 28. Kf4 Bxg2 29. Bf8 g6 30. Bg7 h5 31. Ke3 c6 32. Kd4 Bd5 33. Kc5
a4 34. Kb4 Bc4 35. h3 Kd5 36. h4 Ke6 37. Bh8 Kf5 38. Bg7 Ke6 39. Bh8 Be2 40. Bg7
Kd5 41. Bh8 Bd1 42. Bg7 Bxc2 43. Bf6 Bf5 44. Bh8 Be6 45. Bf6 c5+ 46. Kxb5 a3 47.
Ka4 a2 {White resigns} 0-1

[Event "Team 45 45 League T55"]
[Site "Internet Chess Club"]
[Date "2012.12.03"]
[Round "3"]
[White "g8wrb"]
[Black "oldsj"]
[Result "0-1"]
[WhiteElo "1432"]
[BlackElo "1631"]
[Opening "King's Indian: Smyslov system"]
[ECO "E61"]
[Time "09:06:21"]
[TimeControl "2700+45"]

1. d4 Nf6 2. c4 g6 3. Nf3 Bg7 4. Nc3 d6 5. Bg5 O-O 6. Qd2 Re8 7. Bh6 Bh8 8. e3
c5 9. Be2 b6 10. O-O Bb7 11. h3 Nbd7 12. Rab1 Ne4 13. Qd3 Ndf6 14. d5 Nxc3 15.
bxc3 e6 16. e4 Ba6 17. Rfe1 exd5 18. exd5 Bc8 19. Qd1 Ne4 20. Rc1 Nxc3 21. Qd2
Ne4 22. Qf4 Bf5 23. Ng5 Be5 24. Qh4 Bf6 25. Bf3 Bxg5 26. Bxg5 Qxg5 27. Rxe4
Qxc1+ {White resigns} 0-1

[Event "Team 45 45 League T55"]
[Site "Internet Chess Club"]
[Date "2012.12.02"]
[Round "3"]
[White "Tjet"]
[Black "Andressa"]
[Result "1/2-1/2"]
[WhiteElo "1483"]
[BlackElo "1418"]
[Opening "English opening"]
[ECO "A10"]
[Time "17:00:37"]
[TimeControl "2700+45"]

1. c4 d5 2. cxd5 Qxd5 3. Nc3 Qd8 4. g3 Nf6 5. Bg2 g6 6. Nf3 Bg7 7. O-O Nc6 8. d4
Bf5 9. Re1 Ne4 10. e3 Nb4 11. a3 Nxc3 12. bxc3 Nc2 13. e4 Nxe1 14. exf5 Nxf3+
15. Qxf3 c6 16. fxg6 fxg6 17. Bh3 Qd5 18. Qf4 Rf8 19. Qc7 c5 20. Be3 Qc6 21.
Qxc6+ bxc6 22. Rb1 cxd4 23. cxd4 Rd8 24. Rd1 c5 25. d5 c4 26. Be6 Rf6 27. Rc1
Rb8 28. Rxc4 Rf8 29. Bxa7 Ra8 30. Rc8+ Rxc8 31. Bxc8 Kd8 32. Be6 Kc7 33. Bc5 Be5
34. Bxe7 Ra8 35. Bb4 Bd6 36. Bxd6+ Kxd6 37. h4 Rxa3 38. Kg2 h6 39. Kh2 Ra2 40.
Kg2 Ra3 {Game drawn by mutual agreement} 1/2-1/2

[Event "Team 45 45 League T55"]
[Site "Internet Chess Club"]
[Date "2012.12.04"]
[Round "3"]
[White "nuvi78"]
[Black "stanbeers"]
[Result "1-0"]
[WhiteElo "1239"]
[BlackElo "1410"]
[Opening "KP: Nimzovich defense"]
[ECO "B00"]
[Time "16:02:36"]
[TimeControl "2700+45"]

1. e4 Nc6 2. d4 d6 3. d5 Nb8 4. Bg5 Nf6 5. Nc3 Bg4 6. Be2 Bxe2 7. Qxe2 Nbd7 8.
Nf3 c6 9. Rd1 Qc7 10. Bf4 Ne5 11. Bxe5 dxe5 12. b4 e6 13. dxe6 fxe6 14. Qc4 Qc8
15. Nxe5 Be7 16. b5 O-O 17. bxc6 bxc6 18. Nxc6 Re8 19. O-O Kh8 20. e5 Ng8 21.
Nb5 Qb7 22. Nxe7 Nxe7 23. Nd6 Qb6 24. Nxe8 Rxe8 25. Rd6 Qb8 26. Rxe6 Rc8 27. Qg4
Ng6 28. c4 Rf8 29. c5 Nxe5 30. Qe4 Nd7 31. Qe3 Nf6 32. g3 Nd5 33. Qd4 Nf6 34.
Rfe1 h6 35. c6 Qc7 36. Qc3 Qb6 37. c7 Nd5 38. c8=Q Qxf2+ 39. Kh1 Rxc8 40. Qxc8+
Kh7 41. R6e2 Qf3+ 42. Kg1 Nf6 43. Qc2+ Kg8 44. Re7 Qh5 45. Rxa7 Qg4 46. Qb3+ Kh7
47. Qd3+ Kg8 48. Ree7 Qc8 49. Rxg7+ Kh8 50. Rh7+ Kg8 51. Qg6+ Kf8 52. Rh8+ Ng8
53. Qf7# {Black checkmated} 1-0

[Event "Team 45 45 League T55"]
[Site "Internet Chess Club"]
[Date "2012.12.01"]
[Round "3"]
[White "wekabird"]
[Black "Andaluz"]
[Result "1-0"]
[WhiteElo "1239"]
[BlackElo "1069"]
[Opening "English: symmetrical variation"]
[ECO "A35"]
[Time "15:01:02"]
[TimeControl "2700+45"]

1. c4 c5 2. Nc3 Nc6 3. d3 e5 4. e4 d6 5. h3 Nf6 6. Nf3 h6 7. g3 Be7 8. Bg2 Be6
9. O-O Nd4 10. Nxd4 cxd4 11. Ne2 Qc8 12. Kh2 g5 13. Ng1 g4 14. h4 h5 15. f4 Bd7
16. f5 a5 17. a4 Bc6 18. Bg5 Qd7 19. Bxf6 Bxf6 20. b3 O-O 21. Qd2 Ra6 22. Qh6
Re8 23. Qxf6 Kh7 24. Qg5 Rg8 25. Qxh5+ Kg7 26. Qxg4+ Kf8 27. Qh5 f6 28. Qh6+ Rg7
29. Qxf6+ Kg8 30. Qe6+ Qxe6 31. fxe6 Ra8 32. Bh3 Re8 33. Nf3 Rg6 34. Ng5 b6 35.
Ra2 Re7 36. Raf2 Re8 {Black resigns} 1-0

[Event "Team 45 45 League T55"]
[Site "Internet Chess Club"]
[Date "2012.12.03"]
[Round "3"]
[White "Chess-Dream"]
[Black "SolaFide"]
[Result "1/2-1/2"]
[WhiteElo "2100"]
[BlackElo "1831"]
[Opening "English opening"]
[ECO "A13"]
[Time "17:10:09"]
[TimeControl "2700+45"]

1. c4 e6 2. g3 d5 3. Bg2 c5 4. Nf3 Nc6 5. O-O Nf6 6. d4 Be7 7. dxc5 Bxc5 8. a3
a5 9. cxd5 exd5 10. Bg5 O-O 11. Nc3 Be6 12. Rc1 Be7 13. Na4 Rc8 14. Nd4 Re8 15.
Nxc6 bxc6 16. Be3 Nd7 17. h3 Qc7 18. Qd2 f5 19. Nc5 Nxc5 20. Bxc5 Bf6 21. e3 Qb7
22. Bd4 Bxd4 23. Qxd4 Rb8 24. Rc2 Qb6 25. Qf4 Rb7 26. Rfc1 Bd7 27. h4 Qb3 28. h5
h6 29. Rd2 Qa2 30. Qd4 Reb8 31. Rcc2 a4 32. Qxa4 Qb1+ 33. Kh2 Rxb2 34. Rxb2 Rxb2
35. Rxb2 Qxb2 36. Qa8+ Kf7 37. Qd8 Ke6 38. Qf8 Qxf2 39. Qxg7 Qxe3 40. Qg8+ Kd6
41. Qf8+ Kc7 42. a4 Qg5 43. Qf7 Kd8 44. a5 Be8 45. Qe6 Qxh5+ 46. Bh3 Bd7 47. Qd6
Qe2+ 48. Bg2 Qh5+ 49. Bh3 Qe2+ 50. Bg2 Qh5+ 51. Bh3 {Game drawn by repetition}
1/2-1/2

[Event "Team 45 45 League T55"]
[Site "Internet Chess Club"]
[Date "2012.11.30"]
[Round "3"]
[White "CzwartyWymiar"]
[Black "Packerfan"]
[Result "1-0"]
[WhiteElo "1807"]
[BlackElo "1768"]
[Opening "KGD: Nimzovich counter-gambit"]
[ECO "C31"]
[Time "15:00:19"]
[TimeControl "2700+45"]

1. e4 e5 2. f4 d5 3. exd5 c6 4. Qe2 Qxd5 5. Nc3 Qe6 6. Qxe5 Nf6 7. Bc4 Qxe5+ 8.
fxe5 Ng4 9. Nf3 Nd7 10. d4 Be7 11. e6 fxe6 12. Bxe6 Ndf6 13. Bb3 Bd7 14. h3 Nh6
15. Ne5 Rf8 16. O-O O-O-O 17. Be3 Be8 18. Rad1 Nf7 19. Be6+ Kb8 20. Bxf7 Bxf7
21. Nxf7 Rxf7 22. Ne4 Rff8 23. Ng5 Nd5 24. Rxf8 Rxf8 25. Bc1 h6 26. Nf3 Re8 27.
Re1 Kc8 28. c3 Kd8 29. Ne5 Bf6 30. Kf1 Bxe5 31. dxe5 Kd7 32. a3 Rf8+ 33. Ke2 Ke6
34. c4 Nb6 35. Kd3 Rf5 36. Kd4 Nd7 37. Re2 Rxe5 38. Rxe5+ Nxe5 39. Bf4 Nd7 40.
g4 a6 41. b4 Nf6 42. Be5 g6 43. Bxf6 Kxf6 44. Kc5 Kg5 45. Kb6 Kh4 46. Kxb7 Kxh3
47. Kxc6 Kxg4 48. Kb6 h5 49. c5 h4 50. c6 h3 51. c7 Kg3 52. c8=Q h2 53. Qc3+ Kg2
54. Qd2+ Kg1 55. Qd1+ Kg2 56. Qg4+ Kf1 57. Qh3+ Kg1 58. Qg3+ Kh1 59. Kxa6 g5 60.
Qe1+ Kg2 61. b5 h1=Q 62. Qxh1+ Kxh1 63. b6 g4 64. b7 g3 65. b8=Q g2 66. Qh8+ Kg1
67. Kb5 Kf1 68. Qf6+ Ke2 69. Qe5+ Kf2 70. Qh2 Kf1 71. a4 {Black resigns} 1-0

[Event "Team 45 45 League T55"]
[Site "Internet Chess Club"]
[Date "2012.12.04"]
[Round "3"]
[White "Innes"]
[Black "razorbackchess4"]
[Result "0-1"]
[WhiteElo "1704"]
[BlackElo "1797"]
[Opening "Sicilian: Smith-Morra gambit"]
[ECO "B21"]
[Time "15:05:35"]
[TimeControl "2700+45"]

1. e4 c5 2. d4 cxd4 3. c3 dxc3 4. Nxc3 Nc6 5. Nf3 d6 6. Bc4 a6 7. O-O Nf6 8. h3
e6 9. Qe2 Be7 10. Rd1 Bd7 11. e5 dxe5 12. Nxe5 Nxe5 13. Qxe5 Qb8 14. Qe2 O-O 15.
Bg5 Bc6 16. Rd4 Rd8 17. Rad1 Rxd4 18. Rxd4 Qe8 19. Bd3 Rd8 20. Rh4 g6 21. Rf4
Nh5 22. Rg4 Bxg5 23. Rxg5 Nf4 24. Qc2 Nxd3 25. Rg3 Nf4 26. Qc1 Nd5 27. Ne4 Qe7
28. Qh6 Nf6 29. Ng5 Qf8 30. Qh4 Qg7 31. Nxh7 Rd1+ 32. Kh2 Nxh7 {White resigns}
0-1

[Event "Team 45 45 League T55"]
[Site "Internet Chess Club"]
[Date "2012.12.02"]
[Round "3"]
[White "Manch"]
[Black "amicusUK"]
[Result "1-0"]
[WhiteElo "1530"]
[BlackElo "1615"]
[Opening "Pirc defense"]
[ECO "B07"]
[Time "16:00:09"]
[TimeControl "2700+45"]

1. d4 d6 2. e4 Nf6 3. Bd3 c6 4. c4 e5 5. d5 Bg4 6. f3 Bh5 7. g4 Bg6 8. h4 h5 9.
g5 Nfd7 10. b4 c5 11. a3 Na6 12. b5 Nc7 13. Nh3 a6 14. f4 axb5 15. cxb5 Nxb5 16.
f5 Bh7 17. Bxb5 Qa5+ 18. Bd2 Qxb5 19. Qxh5 Qb2 20. Bc3 Qc2 21. Qe2 Qxe2+ 22.
Kxe2 Be7 23. Nf2 Bd8 24. Bd2 Nb6 25. h5 Nc4 26. g6 Bg8 27. Ng4 Nxd2 28. Nxd2 Bg5
29. Nc4 Ra4 30. Kd3 Be7 31. Rab1 fxg6 32. fxg6 Bxd5 33. exd5 e4+ 34. Kc3 Rf8 35.
Rhf1 Rxf1 36. Rxf1 b5 37. Nce3 Rxa3+ 38. Kb2 Ra8 39. h6 gxh6 40. g7 Kd7 41. Nxh6
c4 42. g8=Q Bf6+ 43. Rxf6 c3+ 44. Kb3 {Black resigns} 1-0

[Event "Team 45 45 League T55"]
[Site "Internet Chess Club"]
[Date "2012.12.05"]
[Round "3"]
[White "DarkFlow"]
[Black "creditordebit"]
[Result "0-1"]
[WhiteElo "1882"]
[BlackElo "1833"]
[Opening "Queen's pawn: Torre attack"]
[ECO "A45"]
[Time "14:04:27"]
[TimeControl "2700+45"]

1. d4 Nf6 2. Bg5 e6 3. Nf3 c5 4. e3 Qb6 5. Qc1 Nc6 6. c3 Be7 7. Nbd2 d5 8. Bd3
O-O 9. O-O h6 10. Bh4 Bd7 11. Ne5 Rad8 12. Rb1 Rfe8 13. Qc2 c4 14. Be2 Nxe5 15.
dxe5 Nh7 16. Bg3 f5 17. Nf3 Ng5 18. Nxg5 hxg5 19. h3 Kf7 20. Qd2 Qa5 21. f4 Rh8
22. Ra1 Rh6 23. Rfb1 Rdh8 24. Bxc4 gxf4 25. Bf2 f3 26. Bf1 fxg2 27. Bxg2 g5 28.
b4 Qc7 29. Bg3 g4 30. hxg4 Rg6 31. gxf5 Rxg3 32. fxe6+ Ke8 33. exd7+ Qxd7 34.
Rb2 Qh3 35. Qxd5 Qh1+ 36. Kf2 Rxg2+ 37. Qxg2 Rf8+ {White resigns} 0-1

[Event "Team 45 45 League T55"]
[Site "Internet Chess Club"]
[Date "2012.11.30"]
[Round "3"]
[White "fishhead"]
[Black "Constrictor"]
[Result "0-1"]
[WhiteElo "1765"]
[BlackElo "1705"]
[Opening "Ruy Lopez: Cozio defense"]
[ECO "C60"]
[Time "17:01:52"]
[TimeControl "2700+45"]

1. e4 e5 2. Nf3 Nc6 3. Bb5 Nge7 4. O-O g6 5. Re1 Bg7 6. c3 O-O 7. d4 exd4 8.
cxd4 d5 9. e5 Bf5 10. Bg5 Nb4 11. Na3 c6 12. Bf1 f6 13. Bd2 Nd3 14. Re3 fxe5 15.
dxe5 Nc5 16. b4 Ne6 17. Qb3 Bh6 18. Re2 Bxd2 19. Rxd2 Be4 20. Nd4 Nxd4 21. Rxd4
Qb6 22. Rd2 Rf5 23. Re1 Raf8 24. Ree2 Kh8 25. Qe3 Qxe3 26. Rxe3 R5f7 27. f3 g5
28. Be2 Bg6 29. g4 a6 30. Kg2 Rf4 31. Rb2 Re8 32. Nb1 Bxb1 33. Rxb1 Ng6 34. a3
Rxe5 35. Rbb3 Rd4 36. Rxe5 Nxe5 37. Re3 Nc4 38. Re8+ Kg7 39. Re7+ Kf6 40. Rxb7
Nxa3 41. Bxa6 Nc2 42. Rxh7 Nxb4 43. Bb7 c5 44. h4 gxh4 45. Rxh4 Rd2+ 46. Kg3 c4
47. Kf4 c3 48. g5+ Kg7 49. Ke3 d4+ {White resigns} 0-1

[Event "Team 45 45 League T55"]
[Site "Internet Chess Club"]
[Date "2012.12.07"]
[Round "3"]
[White "ghostfire"]
[Black "prapad"]
[Result "1-0"]
[WhiteElo "1746"]
[BlackElo "1661"]
[Opening "French: Winawer, advance, 5.a3"]
[ECO "C17"]
[Time "22:00:42"]
[TimeControl "2700+45"]

1. e4 e6 2. d4 d5 3. Nc3 Bb4 4. e5 c5 5. a3 Ba5 6. f4 cxd4 7. Qxd4 Nc6 8. Bb5
Ne7 9. Nf3 O-O 10. Bxc6 Nxc6 11. Qd3 d4 12. Ng5 g6 13. b4 dxc3 14. bxa5 Qxd3 15.
cxd3 Rd8 16. Be3 Nxa5 17. Ke2 b6 18. Rac1 Bb7 19. Rxc3 Rac8 20. Rhc1 Rxc3 21.
Rxc3 Bxg2 22. Rc7 Nc6 23. Nxf7 Rf8 24. Ng5 Bd5 25. Nxh7 Rf7 26. Nf6+ Kg7 27.
Nxd5 exd5 28. Rxc6 Rd7 29. Bd4 Kh6 30. Rd6 Rf7 31. Ke3 Kh7 32. e6 Re7 33. Rd7
{Black resigns} 1-0

[Event "Team 45 45 League T55"]
[Site "Internet Chess Club"]
[Date "2012.12.01"]
[Round "3"]
[White "jps7"]
[Black "Moondog"]
[Result "0-1"]
[WhiteElo "1783"]
[BlackElo "1690"]
[Opening "King's Indian: East Indian defense"]
[ECO "A48"]
[Time "21:00:15"]
[TimeControl "2700+45"]

1. d4 Nf6 2. Nf3 g6 3. e3 Bg7 4. Bd3 c5 5. b3 O-O 6. O-O cxd4 7. exd4 Nc6 8. a3
d5 9. Bb2 b6 10. Nbd2 Bb7 11. Ne5 Rc8 12. Qe2 Qc7 13. Rae1 e6 14. a4 Rfd8 15.
Rc1 Nb4 16. c4 Nxd3 17. Qxd3 dxc4 18. Rxc4 Qxe5 19. Rxc8 Bxc8 20. Rc1 Qd5 21.
Nf3 Bb7 22. Qe3 Ng4 23. Qf4 Qf5 24. Qc7 Qd5 25. h3 Nh6 26. b4 Nf5 27. Rd1 Qd7
28. Qc4 Qc6 29. Qb3 Bxd4 30. b5 Qe4 31. Re1 Qd5 32. Qc2 Bxb2 33. Qxb2 Nd4 34.
Qxd4 Qxd4 35. Nxd4 Rxd4 36. Ra1 Bd5 37. Ra3 Be4 38. f3 Bc2 39. a5 Ba4 40. axb6
axb6 41. Kf2 Bxb5 42. Ke3 Rd5 43. Ra8+ Kg7 44. Rb8 Rd6 45. Ke4 Bc4 46. Ke5 Rd5+
47. Ke4 b5 48. Rc8 Rd2 49. g4 Rh2 50. Kf4 Rxh3 51. Rd8 Bd5 52. Rb8 Rxf3+ 53. Ke5
Bc4 54. Ke4 Rd3 55. Rb6 Rd5 56. Rb7 h5 57. gxh5 gxh5 58. Kf4 Kf6 59. Rb8 Rf5+
60. Kg3 e5 61. Kh4 e4 62. Rb6+ Ke5 63. Rb8 e3 64. Re8+ Be6 65. Rb8 b4 66. Rxb4
Rf4+ 67. Rxf4 Kxf4 {White resigns} 0-1

[Event "Team 45 45 League T55"]
[Site "Internet Chess Club"]
[Date "2012.12.03"]
[Round "3"]
[White "HomerSimpson"]
[Black "cesaralexander"]
[Result "1-0"]
[WhiteElo "2066"]
[BlackElo "1914"]
[Opening "Polish (Sokolsky) opening"]
[ECO "A00"]
[Time "21:54:08"]
[TimeControl "2700+45"]

1. b4 e6 2. Bb2 Nf6 3. a3 g6 4. g4 Bg7 5. g5 Nh5 6. Bxg7 Nxg7 7. f4 e5 8. fxe5
Qxg5 9. Nf3 Qe7 10. Nc3 c6 11. Ne4 O-O 12. d4 d5 13. Nf6+ Kh8 14. Ng5 h6 15.
Ngh7 Rd8 16. Qd2 Nf5 17. Bh3 Kg7 18. Bxf5 Bxf5 19. h4 Rh8 20. h5 g5 21. Nxg5
hxg5 22. Qxg5+ Bg6 23. O-O-O Rh6 24. hxg6 Rxg6 25. Rh7+ Kf8 26. Rh8+ Kg7 27.
Rg8# {Black checkmated} 1-0

[Event "Team 45 45 League T55"]
[Site "Internet Chess Club"]
[Date "2012.12.02"]
[Round "3"]
[White "musk6868"]
[Black "UsuallySleepy"]
[Result "0-1"]
[WhiteElo "1977"]
[BlackElo "1938"]
[Opening "French: Tarrasch, Guimard variation"]
[ECO "C04"]
[Time "06:02:52"]
[TimeControl "2700+45"]

1. e4 e6 2. d4 d5 3. Nd2 Nc6 4. c3 e5 5. exd5 Qxd5 6. Ngf3 exd4 7. Bc4 Qf5 8.
cxd4 Be6 9. O-O O-O-O 10. Bxe6+ fxe6 11. Nc4 Nf6 12. Be3 Nd5 13. a3 Bd6 14. Rc1
Kb8 15. b4 a6 16. Qb3 Rhf8 17. Rfe1 Bf4 18. b5 axb5 19. Nce5 Nxe5 20. dxe5 Nxe3
21. fxe3 Bxe5 22. e4 Qh5 23. h3 Bg3 24. Re2 Rd6 25. a4 Bf4 26. Rb1 Qc5+ 27. Kh1
b4 28. Rc2 Qb6 29. a5 Qxa5 30. Ra2 Qb5 31. Ra4 c5 32. Rba1 Kc7 33. Ra5 Qc6 34.
Qc4 Rfd8 35. Rxc5 Rd1+ 36. Rxd1 Rxd1+ 37. Ng1 Rxg1+ 38. Kxg1 Be3+ 39. Kh1 Bxc5
{White resigns} 0-1

[Event "Team 45 45 League T55"]
[Site "Internet Chess Club"]
[Date "2012.12.03"]
[Round "3"]
[White "mongmong"]
[Black "cityprosecutor"]
[Result "0-1"]
[WhiteElo "1650"]
[BlackElo "1765"]
[Opening "Old Indian: Tartakower (Wade) variation"]
[ECO "A41"]
[Time "19:36:41"]
[TimeControl "2700+45"]

1. d4 d6 2. Nf3 Bg4 3. e4 Nf6 4. Nc3 c6 5. h3 Bh5 6. Be2 Nbd7 7. Be3 b5 8. Nd2
Bg6 9. Bf3 Rb8 10. Ne2 e5 11. dxe5 Nxe5 12. Nf4 Qa5 13. Nxg6 hxg6 14. Be2 Nxe4
15. O-O Nf6 16. Nb3 Qc7 17. Bf4 Be7 18. Bxe5 dxe5 19. Re1 Rd8 20. Qc1 O-O 21.
Qe3 Nd5 22. Qg3 Bd6 23. Qg4 Nf4 24. Rad1 a5 25. Bf1 Rfe8 26. Nd2 f5 27. Qf3 e4
28. Qb3+ Kh7 29. a4 b4 30. Nc4 Bc5 31. Ne3 Re7 32. c4 Red7 33. Rxd7 Rxd7 34. g3
Nd3 35. Rd1 Bxe3 36. Bxd3 Qxg3+ 37. Kh1 Qf3+ 38. Kh2 Qxf2+ 39. Kh1 Qf3+ 40. Kh2
Bf4+ 41. Kg1 Rxd3 {White resigns} 0-1

[Event "Team 45 45 League T55"]
[Site "Internet Chess Club"]
[Date "2012.12.01"]
[Round "3"]
[White "CKNIGHT3"]
[Black "ElMarginal"]
[Result "1-0"]
[WhiteElo "1652"]
[BlackElo "1443"]
[Opening "QGD: 4.Nf3"]
[ECO "D37"]
[Time "20:00:37"]
[TimeControl "2700+45"]

1. d4 Nf6 2. c4 d5 3. Nc3 e6 4. Nf3 Be7 5. e3 b6 6. cxd5 Nxd5 7. e4 Nxc3 8. bxc3
O-O 9. Be3 Bb7 10. Bd3 Nd7 11. O-O c5 12. Bc2 Rc8 13. Qd2 f5 14. d5 exd5 15.
exd5 g6 16. Bh6 Rf7 17. Rfe1 Nf6 18. c4 Bf8 19. Bf4 Bg7 20. Ng5 Ne4 21. Bxe4
Bxa1 22. Nxf7 Kxf7 23. Bxf5 gxf5 24. Rxa1 Qf6 25. Re1 Re8 26. Rxe8 Kxe8 27. h3
Ba6 28. Qe2+ Kd7 29. Be5 Qg6 30. f4 Qg3 31. Bb8 Qg7 32. Qe6+ Kd8 33. Be5 Qg6 34.
Bf6+ Kc7 35. d6+ Kb8 36. d7 Bxc4 37. d8=Q+ {Black resigns} 1-0

[Event "Team 45 45 League T55"]
[Site "Internet Chess Club"]
[Date "2012.12.02"]
[Round "3"]
[White "room-matt"]
[Black "minke"]
[Result "0-1"]
[WhiteElo "1806"]
[BlackElo "1912"]
[Opening "Pirc: 150 attack"]
[ECO "B07"]
[Time "00:34:49"]
[TimeControl "2700+45"]

1. e4 d6 2. d4 Nf6 3. Nc3 g6 4. Be3 c6 5. Qd2 b5 6. Bd3 Nbd7 7. Nf3 e5 8. dxe5
dxe5 9. O-O Bb7 10. Rfe1 Qc7 11. h3 b4 12. Ne2 c5 13. c3 c4 14. Bc2 a5 15. Ng3
Be7 16. Rac1 O-O 17. Bg5 Rfd8 18. Qe2 Nc5 19. Red1 b3 20. axb3 cxb3 21. Bb1 Ba6
22. Qe3 Na4 23. Bxf6 Bxf6 24. Rd2 Rxd2 25. Nxd2 Qd8 26. Qe1 Bg5 27. Nxb3 Bxc1
28. Qxc1 Rb8 29. Ba2 Bc4 30. Nxa5 Bxa2 31. Nc6 Qd6 32. Nxb8 Qxb8 33. b4 Qc7 34.
Kh2 f6 35. Qd2 Nxc3 36. Ne2 Nxe4 37. Qxa2+ Kg7 38. f3 Nd6 39. Ng3 e4 40. h4 Nf5
41. Qf2 e3 42. Qe1 Qf4 43. b5 Qxh4+ 44. Kg1 Qxg3 45. Qxg3 Nxg3 46. b6 Ne2+ 47.
Kf1 Nd4 48. b7 Nc6 49. Ke2 Kf7 50. Kxe3 Ke7 51. Ke4 Kd7 52. Kd5 h5 53. g3 Ne7+
54. Kc5 Kc7 55. b8=Q+ Kxb8 56. Kd6 Nf5+ {White resigns} 0-1

[Event "Team 45 45 League T55"]
[Site "Internet Chess Club"]
[Date "2012.12.04"]
[Round "3"]
[White "JustinL"]
[Black "Goli"]
[Result "1-0"]
[WhiteElo "1781"]
[BlackElo "1820"]
[Opening "King's Indian: fianchetto, Uhlmann (Szabo) variation"]
[ECO "E62"]
[Time "17:00:08"]
[TimeControl "2700+45"]

1. Nf3 Nf6 2. g3 g6 3. Bg2 Bg7 4. O-O O-O 5. c4 d6 6. d4 Nc6 7. Nc3 e5 8. d5 Ne7
9. e4 c6 10. Be3 cxd5 11. cxd5 Ng4 12. Qd2 Nxe3 13. Qxe3 a6 14. Rac1 h6 15. Nd2
b5 16. a4 b4 17. Na2 a5 18. Nc4 Ba6 19. b3 Rc8 20. Rfd1 Bxc4 21. Rxc4 Rxc4 22.
bxc4 Qc7 23. Bf1 Nc8 24. Nc1 Nb6 25. Nb3 Nxc4 26. Qe2 Na3 27. Rc1 Qd7 28. Rc6
Ra8 29. Qe3 Bf8 30. Qb6 Nb1 31. Bb5 Qa7 32. Qxa7 Rxa7 33. f3 f5 34. Kf2 fxe4 35.
fxe4 Nc3 36. Ke3 Nxb5 37. axb5 Rb7 38. b6 a4 39. Nd2 Kf7 40. Kd3 Ke8 41. Kc4 b3
42. Kb5 h5 43. Kxa4 b2 44. Kb5 Bh6 45. Nb1 Be3 46. Rxd6 Bxb6 47. Rxb6 Ra7 48.
Kc6 Ra4 49. Rxb2 Rxe4 50. Rb8+ Kf7 51. d6 Rd4 52. d7 Rc4+ 53. Kb5 Rc1 54. d8=Q
Rxb1+ 55. Kc4 Rc1+ 56. Kd5 Rd1+ 57. Kxe5 Rxd8 58. Rxd8 {Black resigns} 1-0

[Event "Team 45 45 League T55"]
[Site "Internet Chess Club"]
[Date "2012.12.01"]
[Round "3"]
[White "Duguesclin"]
[Black "badmove"]
[Result "1/2-1/2"]
[WhiteElo "1620"]
[BlackElo "1741"]
[Opening "Nimzo-Indian: Leningrad variation"]
[ECO "E30"]
[Time "16:57:05"]
[TimeControl "2700+45"]

1. d4 Nf6 2. c4 e6 3. Bg5 Bb4+ 4. Nc3 h6 5. Bh4 c5 6. a3 Bxc3+ 7. bxc3 Qa5 8.
Qd3 cxd4 9. Bxf6 gxf6 10. Qxd4 Ke7 11. e4 Nc6 12. Qd2 b6 13. Nf3 Bb7 14. Bd3 Ne5
15. Nxe5 Qxe5 16. O-O Rag8 17. f3 h5 18. f4 Qc5+ 19. Qf2 f5 20. Qxc5+ bxc5 21.
Rae1 h4 22. Rf2 Bxe4 23. Bxe4 fxe4 24. Rxe4 f5 25. Re3 Rb8 26. h3 Rb3 27. Ra2
Rg8 28. Kh2 Rg3 29. Rxg3 hxg3+ 30. Kxg3 Rxc3+ 31. Kh4 Rxc4 32. g3 d5 33. a4 d4
34. a5 d3 35. Rd2 Rc3 36. Kg5 c4 37. Rb2 Rb3 38. Rd2 c3 39. Rxd3 c2 40. Rxb3
c1=Q 41. Rb7+ Kd6 42. Rxa7 Qf1 43. Kh4 Qc4 44. Rb7 Kc6 45. Rb6+ Kc7 46. Kg5 Qd5
47. h4 Qd8+ 48. Kg6 Qg8+ 49. Kf6 Qxg3 50. Rxe6 Qxh4+ 51. Kxf5 Qh5+ 52. Kf6 Qxa5
53. f5 Qc3+ 54. Kf7 Qc4 55. Kf8 Kd7 56. Re7+ Kd6 57. f6 Qh4 58. Kg7 Qg5+ 59. Kf7
Qh6 60. Re6+ Kd5 61. Re8 Qh7+ 62. Kf8 Kd6 63. Re7 Qg6 64. Rf7 Ke6 65. Re7+ Kxf6
66. Re6+ {Game drawn by mutual agreement} 1/2-1/2

[Event "Team 45 45 League T55"]
[Site "Internet Chess Club"]
[Date "2012.12.03"]
[Round "3"]
[White "clarinetref"]
[Black "Ayensa80"]
[Result "1-0"]
[WhiteElo "1715"]
[BlackElo "1683"]
[Opening "French: exchange variation"]
[ECO "C01"]
[Time "11:07:03"]
[TimeControl "2700+45"]

1. e4 e6 2. d4 d5 3. exd5 exd5 4. Bd3 Bd6 5. Nc3 c6 6. Be3 Nf6 7. h3 O-O 8. Qd2
Bd7 9. O-O-O b5 10. g4 b4 11. Nce2 Qa5 12. Kb1 c5 13. dxc5 Bxc5 14. Bxc5 Qxc5
15. Nd4 Nc6 16. Nb3 Qb6 17. Nf3 Be6 18. Nfd4 Nxd4 19. Nxd4 a5 20. g5 Ne4 21.
Bxe4 dxe4 22. Qe3 Rfe8 23. Nxe6 Qxe6 24. Rhe1 Re7 25. h4 Rae8 26. Qc5 Qe5 27.
Qxe5 Rxe5 28. Re3 Rf5 29. Rxe4 Kf8 30. Rxe8+ Kxe8 31. b3 Rxf2 32. Rd5 Rf4 33.
Rxa5 Rxh4 34. a4 h5 35. gxh6 Rxh6 36. Ra8+ Kd7 37. Ra7+ Ke6 38. Rb7 Rh4 39. a5
Rh5 40. a6 Ra5 41. a7 Kd6 42. Rxf7 g5 43. Rg7 Kc6 44. Rxg5 Rxa7 45. Rg4 Kc5 46.
Rc4+ Kb5 47. Kc1 Rd7 48. Rh4 Rd5 49. Rh3 Kc5 50. Rd3 Rh5 51. Re3 Rh4 52. Kd2 Rh5
53. Re4 Rd5+ 54. Ke3 Rh5 55. Kd3 Rd5+ 56. Ke3 Rh5 57. Rc4+ Kb5 58. Rf4 Kc5 59.
Rf8 Kd5 60. Rd8+ Kc5 61. Rc8+ Kd5 62. Rc4 Rh3+ 63. Kd2 Rh2+ 64. Kc1 Rh3 65. Rxb4
{Black resigns} 1-0